 Dungeon Crawl Stone Soup version 0.32-a0-599-gba8f9cf90e (webtiles) character file.

Game seed: 6988685654980841161

397 NormalPerson7 the Changeling (level 6, 0/64 HPs)
             Began as a Merfolk Shapeshifter on Mar 3, 2024.
             Was an Initiate of Yredelemnul.
             Blown up by Pikel (20 damage)
             ... with a mindburst bolt
             ... on level 4 of the Dungeon.
             The game lasted 00:12:24 (3746 turns).

NormalPerson7 the Changeling (Merfolk Shapeshifter) Turns: 3746, Time: 00:12:25

Health: 0/64       AC: 23    Str: 16    XL:     6   Next: 83%
Magic:  6/6        EV:  2    Int: 10    God:    Yredelemnul [......]
Gold:   186        SH:  0    Dex: 13    Spells: 5/5 levels left

rFire   . .          .
                       - Unarmed
rCold   . . .        (no shield)
rNeg    . . .        v - melded +1 leather armour {rF+}
rPois   +            (helmet currently unavailable)
rElec   .            (cloak currently unavailable)
rCorr   +            (gloves currently unavailable)
SInv    .            (boots currently unavailable)
Will    .....        m - amulet of the acrobat
Stlth   +            j - ring of resist corrosion
HPRegen 0.30/turn    k - ring of flight
MPRegen 0.10/turn

%: acrobat
@: brilliant, tree-form, wreathed by umbra, invisible
A: stationary, stasis, torment immunity, boosted hp, (nimble swimmer 2),
(mertail)
a: Renounce Religion, Light the Black Torch, Recall Undead Harvest


You were on level 4 of the Dungeon.
You worshipped Yredelemnul.
Yredelemnul was noncommittal.
You were a tree.
You visited 1 branch of the dungeon, and saw 5 of its levels.

You collected 186 gold pieces.

Inventory:

Missiles
 o - 4 poisoned darts (quivered)
Armour
 e - a +0 ring mail
 v - a +1 leather armour of fire resistance (melded)
Jewellery
 j - a ring of resist corrosion (left branch)
 k - a ring of flight (right branch)
 m - an amulet of the acrobat (around neck)
 u - a +6 ring of dexterity
Talismans
 d - a flux talisman
 f - a dragon-blood talisman
 h - a beast talisman (active)
 t - a blade talisman
Wands
 p - a wand of polymorph (5)
Scrolls
 q - a scroll of enchant weapon {unknown}
 r - a scroll of teleportation {unknown}
 s - a scroll of amnesia {unknown}
Potions
 i - a potion of attraction
 n - a potion of heal wounds {unknown}


   Skills:
 - Level 1.1 Fighting
 - Level 2.6 Dodging
 - Level 6.0 Unarmed Combat
 + Level 7.2 Shapeshifting


You had 5 spell levels left.
You didn't know any spells.
Your spell library contained the following spells:

 Spells                   Type           Power      Damage    Failure   Level
 Slow                     Hex            0%         N/A       36%         1
 Blink                    Tloc           0%         N/A       50%         2
 Cigotuvi's Dreadful Rot  Necr/Alch/Air  0%         N/A       50%         2
 Lesser Beckoning         Tloc           0%         N/A       50%         2
 Momentum Strike          Conj/Tloc      0%         3d8       50%         2
 Confusing Touch          Hex            0%         N/A       75%         3
 Sigil of Binding         Hex            0%         N/A       75%         3
 Vampiric Draining        Necr           0%         2d6       75%         3
 Ignite Poison            Fire/Alch      0%         N/A       98%         4
 Freezing Cloud           Conj/Ice/Air   0%         6-21      100%        5


Dungeon Overview and Level Annotations

Branches:
Dungeon (5/15)             Temple (0/1) D:4

Altars:
Cheibriados
Fedhas
Yredelemnul

Annotations:
D:4 exclusion: 2 downstairs, Pikel


Innate Abilities, Weirdness & Mutations

You are a tree.
Your roots penetrate the ground, keeping you stationary.
You cannot be teleported.
You are immune to unholy pain and torment.
Your maximum health is greatly increased.
Your equipment is partially melded.
((You are very nimble when in or above water. (Stealth+, EV+, Speed+++)))
((Your lower body shifts to a powerful aquatic tail in water.))


Message History

There is a stone staircase leading down here.
Unknown command.
Unknown command.
You punch Pikel!
Pikel is lightly wounded.
Pikel barely misses you.
You barely miss Pikel. You punch Pikel.
Pikel is moderately wounded.
Pikel barely misses you.
You punch Pikel!
Pikel is heavily wounded.
Pikel hits you with a +1 whip of flaming.
Pikel burns you. The lemure closely misses you.
You closely miss Pikel.
Pikel is heavily wounded.
Pikel barely misses you.
You closely miss Pikel.
Pikel is heavily wounded.
Pikel hits you with a +1 whip of flaming.
* * * LOW HITPOINT WARNING * * *
The lemure misses you.
Aiming: Polymorph
Press: ? - help, Shift-Dir - straight line, f - lemure
Aim: a lemure (unable to see you, umbra, will become an ufetubus, a neqoxec, or a quasit, chance to affect: 49%)
Okay, then.
Unknown command.
Really quaff the potion of lignification?
Your transformation has ended.
You turn into a tree.
Your +1 leather armour of fire resistance melds into your body.
You feel less resistant to fire.
Your roots penetrate the ground.
Pikel hits you but does no damage. The lemure hits you but does no damage.
Unknown command.
It was a potion of magic.
Magic courses through your body. Pikel barely misses you.
The lemure hits you but does no damage.
It was a potion of brilliance.
You feel clever all of a sudden.
Pikel zaps a wand.
Your mind is blasted!
You die...
Pikel says, "See you in Hell!"

##### ### ######...#
#♣##
##..#.....###K5#
#........(##...#
###............#
#............##
#.............###
###............#.##
#.................#
#...........<.....##


You could see Pikel (unable to see you) and a lemure (unable to see you).

Vanquished Creatures
  3 lemures (D:4)
  A weeping skull (D:3)
  A scorpion (D:4)
  A bombardier beetle (D:3)
  An orc priest (D:4)
  An iguana (D:4)
  An orc wizard (D:4)
  2 adders
  2 dart slugs
  8 orcs (D:4)
  6 endoplasms
  7 goblins
  4 hobgoblins
  4 jackals (D:1)
  4 kobolds
  2 quokkas
  6 ball pythons
  3 bats
  A frilled lizard (D:1)
  4 rats
  A spectral orc (D:3)
63 creatures vanquished.

Vanquished Creatures (collateral kills)
  An iguana (D:4)
  An iron imp (D:4)
  An adder (D:4)
  An endoplasm (D:4)
  A hobgoblin (D:4)
5 creatures vanquished.

Vanquished Creatures (others)
  An adder zombie (D:4)
  A bat zombie (D:3)
  A ball python zombie (D:4)
  A hobgoblin zombie (D:4)
  2 orc zombies (D:4)
6 creatures vanquished.

Grand Total: 74 creatures vanquished

Notes
Turn   | Place    | Note
-------+----------+-------------------------------------------
     0 | D:1      | NormalPerson7 the Merfolk Shapeshifter began the quest for
                  | the Orb.
     0 | D:1      | Reached XP level 1. HP: 15/15 MP: 1/1
   177 | D:1      | Reached XP level 2. HP: 12/21 MP: 2/2
   753 | D:1      | Found a faded altar of an unknown god.
  1013 | D:2      | Reached XP level 3. HP: 19/26 MP: 3/3
  1420 | D:2      | You are sucked into a shaft and drop 2 floors!
  1420 | D:4      | Found a snail-covered altar of Cheibriados.
  1745 | D:3      | Reached skill level 5 in Unarmed Combat
  1964 | D:3      | Reached XP level 4. HP: 22/32 MP: 4/4
  2104 | D:3      | Found a basalt altar of Yredelemnul.
  2104 | D:3      | Noticed a weeping skull
  2126 | D:3      | Killed a weeping skull
  2127 | D:3      | Reached XP level 5. HP: 22/37 MP: 5/5
  2189 | D:3      | Became a worshipper of Yredelemnul the Fallen
  2452 | D:3      | Found a blossoming altar of Fedhas.
  2772 | D:4      | Found a staircase to the Ecumenical Temple.
  2781 | D:4      | Reached skill level 5 in Shapeshifting
  2898 | D:4      | Reached XP level 6. HP: 37/43 MP: 6/6
  2962 | D:4      | Reached skill level 6 in Shapeshifting
  3112 | D:4      | Noticed Grinder
  3127 | D:4      | Grinder changed into Grinder the iron imp
  3127 | D:4      | Noticed Grinder
  3136 | D:4      | Killed Grinder the iron imp
  3167 | D:4      | Reached skill level 7 in Shapeshifting
  3534 | D:5      | Entered Level 5 of the Dungeon
  3534 | D:5      | Noticed a water moccasin
  3568 | D:5      | Noticed Pikel
  3746 | D:4      | Blown up by Pikel

Illustrated notes

Levels and vault maps discovered:
D:1:      lightli_arrival_statuegarden, layout_basic, basic_ecumenical_altar,
          minmay_3d_cube
D:2:      layout_loops_cross, minmay_misc_feat_enclosed
D:3:      layout_basic, yredelemnul_forgotten_temple_becter,
          mainiacjoe_overflow_tiny_flanked
D:4:      layout_cave_pools, mainiacjoe_overflow_six_doors_small,
          minmay_temple_entry_mini_moons, uniq_grinder
D:5:      layout_loops_corners, general_overflow_altar, reono_crystal_passage,
          nicolae_fountain_basement, uniq_pikel

Skill      XL: |  1  2  3  4  5  6 |
---------------+-------------------+-----
Unarmed Combat | 4 5 6 |  6.0
Shapeshifting  | 5 7 |  7.2
Fighting       | |  1.1
Dodging        | |  2.6

Action                     |  1- 3 |  4- 6 || total
---------------------------+-------+-------++-------
  Melee: Unarmed           |    96 |   109 ||   205
         Punch             |     1 |     6 ||     7
  Throw: Dart              |       |     2 ||     2
 Invoke: Light the Black T |       |     2 ||     2
  Evoke: Wand              |       |     3 ||     3
    Use: Scroll            |     6 |       ||     6
         Potion            |       |     6 ||     6
 Armour: Ring mail         |    45 |    30 ||    75
         Leather armour    |       |    16 ||    16
         Skin              |       |     3 ||     3
  Dodge: Dodged            |    47 |    87 ||   134

Table legend: (Time is in decaauts)
 A = Elapsed time spent in this place.
 B = Non-inter-level travel time spent in this place.
 C = Inter-level travel time spent in this place.
 D = Time resting spent in this place.
 E = Time spent auto-exploring this place.
 F = Levels seen in this place.
 G = Mean time per level.
                   A        B        C        D        E       F      G
               +--------+--------+--------+--------+--------+-----+--------+
         Total |   3726 |   3523 |    203 |    513 |   2169 |   5 |  745.2 |
       Dungeon |   3726 |   3523 |    203 |    513 |   2169 |   5 |  745.2 |
               +--------+--------+--------+--------+--------+-----+--------+

Top non-repeatable levels by time:
     D:3: 1117 daAuts
     D:4: 1009 daAuts
     D:2: 794 daAuts
     D:1: 787 daAuts
     D:5: 17 daAuts
